 Dungeon Crawl Stone Soup version 0.25.0-10-g039870ee82 (webtiles) character file.

Game seed: 10468217615661165685

13381 Apogee the Grappler (level 11, -11/105 HPs)
             Began as a Troll Monk on June 23, 2020.
             Was a High Priest of Okawaru.
             Mangled by a minotaur
             ... wielding a +4 vorpal glaive
              (33 damage)
             ... in a Gauntlet.
             The game lasted 00:26:28 (10640 turns).

Apogee the Grappler (Troll Monk)                   Turns: 10640, Time: 00:26:29

Health: -11/105    AC: 12    Str: 27    XL:     11   Next: 74%
Magic:  0/14       EV: 17    Int:  6    God:    Okawaru [*****.]
Gold:   687        SH:  0    Dex: 18    Spells: 10/10 levels left

rFire    . . .     SeeInvis .     - Unarmed
rCold    + . .     Gourm    +   (no shield)
rNeg     . . .     Faith    .   H - +1 troll leather armour
rPois    .         Spirit   +   (helmet restricted)
rElec    .         Reflect  .   w - +1 cloak
rCorr    .         Harm     .   (gloves unavailable)
MR       .....     NoTele   +   (boots unavailable)
Stlth    +++.......             h - amulet of guardian spirit
HPRegen  1.07/turn              L - ring "Wokuir Zeadgh" {+Fly rC+ Str+3}
MPRegen  0.14/turn              E - +6 ring of dexterity

@: heroism, finesse
A: large, unfitting armour, claws 3, fast metabolism 3, gourmand, regeneration
1, shaggy fur 1, tough skin 3
a: Heroism, Finesse, Renounce Religion, Evoke Flight


You were in a Gauntlet.
You worshipped Okawaru.
Okawaru was extremely pleased with you.
You were not hungry.

You visited 2 branches of the dungeon, and saw 12 of its levels.
You also visited: Gauntlet.

You collected 687 gold pieces.

Inventory:

Missiles
 c - 17 javelins (quivered)
 j - 16 poisoned darts
 k - 345 stones
 s - 14 boomerangs
 J - 2 large rocks
Armour
 a - a +0 robe
 w - a +1 cloak (worn)
 z - a +0 kite shield
 G - the +2 robe of the Morning {rN+ Int+4 Dex-2}
   (Okawaru gifted it to you on level 8 of the Dungeon)

   It affects your intelligence (+4).
   It affects your dexterity (-2).
   It protects you from negative energy.
 H - a +1 troll leather armour (worn)
Jewellery
 f - a cursed amulet of inaccuracy {unknown}
 h - an amulet of guardian spirit (around neck)
 v - an uncursed ring of flight
 E - a +6 ring of dexterity (right claw)
 K - a cursed ring of attention {unknown}
 L - the ring "Wokuir Zeadgh" (left claw) {+Fly rC+ Str+3}
   (You found it in a Gauntlet)

   [ring of flight]

   It affects your strength (+3).
   It protects you from cold.
   It lets you fly.
 M - the cursed ring "Hessooso" {*Slow rN+ Str-4 Int+7}
   (You found it in a Gauntlet)

   [ring of strength]

   It affects your strength (-4).
   It affects your intelligence (+7).
   It protects you from negative energy.
   It may slow you when you take damage.
   It has a curse placed upon it.
 N - an uncursed amulet of the acrobat {unknown}
Wands
 q - a wand of digging (7)
 F - a wand of flame (19)
 I - a wand of paralysis (11)
Scrolls
 d - 7 scrolls of teleportation
 i - 3 scrolls of identify
 o - 2 scrolls of magic mapping
 p - 2 scrolls of fear
 u - 5 scrolls of enchant weapon
 x - 3 scrolls of remove curse
 y - 3 scrolls of fog
 A - a scroll of enchant armour
Potions
 e - 3 potions of haste {unknown}
 g - 7 potions of curing
 l - 2 potions of might {unknown}
 m - a potion of berserk rage {unknown}
 n - a potion of cancellation {unknown}
 r - a potion of magic {unknown}
 t - 2 potions of lignification {unknown}
 B - 2 potions of flight {unknown}
 C - 2 potions of degeneration {unknown}
 D - 3 potions of heal wounds {unknown}
Miscellaneous
 O - a tin of tremorstones (3/3)
Comestibles
 b - 20 rations


   Skills:
 - Level 6.0(11.0) Fighting
 - Level 6.0(11.0) Throwing
 - Level 6.0(11.0) Dodging
 - Level 1.0(6.0) Stealth
 + Level 13.1(18.1) Unarmed Combat
 + Level 0.4 Invocations
 - Level 6.0 Evocations


You had 10 spell levels left.
You didn't know any spells.
Your spell library contained the following spells:

 Spells                   Type           Power        Failure   Level  Hunger
 Confusing Touch          Hex            #.......     86%         3    ####...
 Gell's Gravitas          Tloc           #.........   86%         3    ####...
 Petrify                  Tmut/Erth      #.......     99%         4    #####..
 Metabolic Englaciation   Hex/Ice        #.........   100%        5    ######.
 Yara's Violent Unravell  Hex/Tmut       #.........   100%        5    ######.


Dungeon Overview and Level Annotations

Branches:
Dungeon (11/15)            Temple (1/1) D:4            Lair (0/6) D:10
Gauntlet (1/1)
    Orc: D:9-12

Altars:
Ashenzari
Cheibriados
Dithmenos
Elyvilon
Fedhas
Gozag
Hepliaklqana
Kikubaaqudgha
Makhleb
Nemelex Xobeh
Okawaru
Qazlal
Ru
Sif Muna
Trog
Uskayaw
Vehumet
Wu Jian
Xom
Yredelemnul
Zin
The Shining One

Annotations:
Gauntlet 8 transporters, 21 runed translucent doors, exclusion: orange crystal statue


Innate Abilities, Weirdness & Mutations

You are too large for most types of armour.
You have claws for hands.
Your metabolism is lightning-fast.
You like to eat raw meat.
Your natural rate of healing is unusually fast.
You are covered in fur. (AC +1)
You have extremely tough skin. (AC +3)


Message History

You mangle the minotaur!!
The minotaur is moderately wounded.
You claw the minotaur! You claw the minotaur!!
The minotaur is severely wounded.
You barely miss the minotaur.
The minotaur furiously retaliates!
The minotaur headbutts you, but does no damage.
The minotaur is severely wounded.
The minotaur hits you with a +4 vorpal glaive!!
* * * LOW HITPOINT WARNING * * *
The minotaur gores you!
* * * LOW HITPOINT WARNING * * *
You scratch the minotaur but do no damage.
You claw the minotaur.
The minotaur is almost dead.
You scratch the minotaur but do no damage.
The minotaur is almost dead.
You barely miss the minotaur.
The minotaur is almost dead.
The minotaur hits you with a +4 vorpal glaive!!!
You die...

..........#§#########≈#..§.......
≈#≈#≈#§#≈####.......####§#≈#≈#≈#≈
########## #..8.8.8..############
##...©.©.©...## #.............#
#.#.#######.#.# #.#....#....#.#
#.#.##.#.##.#.# #.....H@.....(#
#.#..##'##..#.# # #8.8#..#.#
#...#....# #8.8#.8### #/.[####
#8.8# #/.[#


You could see a minotaur.

Vanquished Creatures
  Erolcha (D:10)
  Harold (D:8)
  A hell beast (Gauntlet)
  A two-headed ogre (D:10)
  Erica (D:8)
  Sonja (D:10)
  Pikel (D:7)
  A deep elf mage (D:7)
  Joseph (D:8)
  Maggie (D:10)
  A troll (D:9)
  2 hippogriffs
  A wyvern (D:10)
  Sigmund (D:4)
  3 yaks
  3 hogs (D:7)
  A human (D:7)
  A hungry ghost (D:9)
  3 wargs (D:10)
  Edmund (D:4)
  3 water moccasins
  5 orc warriors
  A slave (D:7)
  3 black bears
  6 ice beasts
  2 centaurs (D:6)
  7 ogres
  2 crocodiles
  3 big kobolds
  A bullfrog (D:7)
  A gnoll sergeant (D:7)
  A wyvern zombie (D:10)
  2 scorpions
  6 killer bees (D:6)
  5 wights (D:7)
  3 howler monkeys
  5 crimson imps
  2 centaur zombies
  A quasit (D:10)
  5 bullfrog zombies
  15 orc priests
  13 orc wizards
  3 hounds
  3 jellies
  2 bullfrog skeletons
  A centaur skeleton (D:10)
  Jessica (D:2)
  3 iguanas
  4 worker ants
  2 hound zombies
  10 gnolls
  7 adders
  3 shadow imps
  2 oozes
  2 adder skeletons
  3 worms
  A dart slug (D:3)
  3 leopard geckos
  42 orcs
  10 bats
  6 giant cockroaches
  7 goblins
  8 hobgoblins
  10 jackals
  4 quokkas
  8 frilled lizards
  A giant cockroach zombie (D:5)
  15 kobolds
  A quokka skeleton (D:4)
  11 rats
292 creatures vanquished.

Vanquished Creatures (others)
  A plant (D:10)
  3 withered plants (Gauntlet)
4 creatures vanquished.

Grand Total: 296 creatures vanquished

Notes
Turn   | Place    | Note
-------+----------+-------------------------------------------
     0 | D:1      | Apogee the Troll Monk began the quest for the Orb.
     0 | D:1      | Reached XP level 1. HP: 22/22 MP: 0/0
   297 | D:1      | Reached XP level 2. HP: 29/29 MP: 1/1
   900 | D:2      | Reached skill level 4 in Unarmed Combat
   966 | D:2      | Reached XP level 3. HP: 36/36 MP: 2/2
  1046 | D:2      | Reached XP level 4. HP: 44/44 MP: 3/3
  1075 | D:2      | Reached skill level 5 in Unarmed Combat
  1236 | D:2      | Noticed Jessica
  1240 | D:2      | Killed Jessica
  1240 | D:2      | Reached XP level 5. HP: 50/50 MP: 4/4
  1293 | D:2      | Found a faded altar of an unknown god.
  2091 | D:3      | Reached skill level 6 in Unarmed Combat
  3113 | D:4      | Reached XP level 6. HP: 59/59 MP: 0/5
  3167 | D:4      | Noticed Edmund
  3177 | D:4      | Reached skill level 7 in Unarmed Combat
  3205 | D:4      | Killed Edmund
  3205 | D:4      | Reached skill level 8 in Unarmed Combat
  3205 | D:4      | Reached XP level 7. HP: 38/66 MP: 4/6
  3603 | D:4      | Found a staircase to the Ecumenical Temple.
  3614 | D:4      | Noticed Sigmund
  3624 | D:4      | Killed Sigmund
  3705 | Temple   | Entered the Ecumenical Temple
  3858 | Temple   | Became a worshipper of Warmaster Okawaru
  3858 | Temple   | Reached * piety under Okawaru
  3858 | Temple   | Reached ** piety under Okawaru
  4179 | D:5      | Entered Level 5 of the Dungeon
  4332 | D:5      | Reached skill level 5 in Fighting
  4544 | D:5      | Reached XP level 8. HP: 72/80 MP: 5/7
  5125 | D:6      | Reached skill level 9 in Unarmed Combat
  5144 | D:6      | Reached *** piety under Okawaru
  5153 | D:6      | Reached skill level 10 in Unarmed Combat
  5310 | D:6      | Reached XP level 9. HP: 80/89 MP: 8/8
  6070 | D:7      | Reached skill level 11 in Unarmed Combat
  6113 | D:7      | Reached **** piety under Okawaru
  6347 | D:7      | Reached skill level 12 in Unarmed Combat
  6491 | D:7      | Noticed Pikel
  6507 | D:7      | Killed Pikel
  6627 | D:7      | Reached XP level 10. HP: 98/98 MP: 9/9
  6672 | D:7      | Reached skill level 5 in Dodging
  6863 | D:7      | Noticed a deep elf mage
  6868 | D:7      | Killed a deep elf mage
  6868 | D:7      | Reached ***** piety under Okawaru
  6901 | D:7      | Found a sacrificial altar of Ru.
  7007 | D:7      | Reached skill level 1 in Evocations
  7015 | D:7      | Received a gift from Okawaru
  7299 | D:8      | Noticed Harold
  7312 | D:8      | Killed Harold
  7312 | D:8      | Received a gift from Okawaru
  7314 | D:8      | Got a heavily jewelled robe {god gift}
  7325 | D:8      | Identified the +2 robe of the Morning {rN+ Int+4 Dex-2}
                  | (Okawaru gifted it to you on level 8 of the Dungeon)
  7443 | D:8      | Noticed Erica
  7452 | D:8      | Killed Erica
  7452 | D:8      | Reached skill level 5 in Evocations
  7587 | D:8      | Noticed Joseph
  7603 | D:8      | Killed Joseph
  7634 | D:8      | Found a shimmering blue altar of Sif Muna.
  8296 | D:9      | Reached skill level 1 in Throwing
  8296 | D:9      | Reached XP level 11. HP: 78/105 MP: 9/14
  8991 | D:10     | Entered Level 10 of the Dungeon
  8991 | D:10     | Noticed Sonja
  8993 | D:10     | Noticed Erolcha
  9074 | D:10     | Killed Sonja
  9101 | D:10     | Killed Erolcha
  9101 | D:10     | Reached skill level 5 in Throwing
  9318 | D:10     | Noticed a two-headed ogre
  9330 | D:10     | Killed a two-headed ogre
  9723 | D:10     | Found a staircase to the Lair.
  9939 | D:10     | Noticed Maggie
  9964 | D:10     | Killed Maggie
 10062 | D:10     | Received a gift from Okawaru
 10190 | D:11     | Found a gate leading to a gauntlet.
 10201 | Gauntlet | Entered a Gauntlet
 10201 | Gauntlet | Found a transporter.
 10201 | Gauntlet | Found a large runed translucent door.
 10201 | Gauntlet | Found a large runed translucent door.
 10201 | Gauntlet | Found a large runed translucent door.
 10201 | Gauntlet | Found a large runed translucent door.
 10201 | Gauntlet | Found a large runed translucent door.
 10201 | Gauntlet | Found a large runed translucent door.
 10201 | Gauntlet | Found a runed translucent door.
 10201 | Gauntlet | Found a runed translucent door.
 10201 | Gauntlet | Found a large runed translucent door.
 10201 | Gauntlet | Found a large runed translucent door.
 10201 | Gauntlet | Found a large runed translucent door.
 10201 | Gauntlet | Found a large runed translucent door.
 10201 | Gauntlet | Found a large runed translucent door.
 10201 | Gauntlet | Found a large runed translucent door.
 10201 | Gauntlet | Noticed a hell beast
 10204 | Gauntlet | Found a transporter.
 10205 | Gauntlet | Found a large runed translucent door.
 10205 | Gauntlet | Found a large runed translucent door.
 10206 | Gauntlet | Found a runed translucent gate.
 10206 | Gauntlet | Found a runed translucent gate.
 10206 | Gauntlet | Found a runed translucent gate.
 10207 | Gauntlet | Noticed a death scarab
 10207 | Gauntlet | Noticed a death scarab
 10208 | Gauntlet | Found a transporter.
 10211 | Gauntlet | Found a transporter.
 10212 | Gauntlet | Found a transporter.
 10220 | Gauntlet | Found a transporter.
 10220 | Gauntlet | Noticed a ghost crab
 10222 | Gauntlet | Found a transporter.
 10243 | Gauntlet | Found a transporter.
 10243 | Gauntlet | Noticed a hell beast
 10248 | Gauntlet | Found a transporter.
 10252 | Gauntlet | Found a transporter.
 10254 | Gauntlet | Found a large runed translucent door.
 10254 | Gauntlet | Found a large runed translucent door.
 10254 | Gauntlet | Found a runed translucent gate.
 10254 | Gauntlet | Found a runed translucent gate.
 10254 | Gauntlet | Found a runed translucent gate.
 10254 | Gauntlet | Noticed an orange crystal statue
 10261 | Gauntlet | Found a transporter.
 10351 | Gauntlet | Found a transporter.
 10479 | Gauntlet | Got an ancient glass ring
 10527 | Gauntlet | Killed a hell beast
 10527 | Gauntlet | Received a gift from Okawaru
 10527 | Gauntlet | Reached skill level 13 in Unarmed Combat
 10610 | Gauntlet | Got a scorched turquoise ring
 10612 | Gauntlet | Identified the ring "Wokuir Zeadgh" {+Fly rC+ Str+3} (You
                  | found it in a Gauntlet)
 10613 | Gauntlet | Identified the cursed ring "Hessooso" {*Slow rN+ Str-4
                  | Int+7} (You found it in a Gauntlet)
 10627 | Gauntlet | Noticed a minotaur
 10640 | Gauntlet | Mangled by a minotaur

Illustrated notes

Levels and vault maps discovered:
D:1:      dpeg_arrival_more_subterranean_lakeside_camping, layout_basic
D:2:      layout_basic, chequers_ecumenical_altar_grove,
          chequers_serial_rivers_room_b, uniq_jessica
D:3:      layout_basic, first_ration
D:4:      layout_loops_ring, minmay_temple_entry_wispy, uniq_sigmund,
          uniq_edmund
D:5:      layout_cave_pools, kennysheep_generic_room_7
D:6:      layout_basic
D:7:      layout_basic, nicolae_ru_awakened_eye, grunt_livestock,
          guppyfry_early_elven_hall, uniq_pikel
D:8:      layout_basic, led_sif_pool, uniq_joseph, uniq_erica, uniq_harold
D:9:      layout_loops_corners
D:10:     layout_basic, erik_lair_orcish_takeover, statue_in_the_mist_lemuel,
          uniq_erolcha, uniq_maggie, uniq_sonja
D:11:     layout_basic, gauntlet_entry_generic
Temple:   compressed_dpeg_circular_temple
Gauntlet: minmay_gauntlet_mixed_oops_all_seconds
          [minmay_gauntlet_arena_77_radiant_squares,
          minmay_gauntlet_arena_make_your_own_arena,
          minmay_gauntlet_arena_77_run_for_it, gammafunk_gauntlet_arena_hedges,
          minmay_gauntlet_arena_77_two_paths,
          nicolae_gauntlet_arena_flowing_pool,
          nicolae_gauntlet_exit_dead_adventurers]

Skill      XL: |  1  2  3  4  5  6  7  8  9 10 11 |
---------------+----------------------------------+-----
Unarmed Combat | 4 5 6 8 10 12 13 | 13.1
Fighting       | 5 6 |  6.0
Dodging        | 4 6 |  6.0
Evocations     | 6 |  6.0
Throwing       | 1 6 |  6.0
Stealth        | |  1.0
Invocations    | |  0.4

Action                   |  1- 3 |  4- 6 |  7- 9 | 10-12 || total
-------------------------+-------+-------+-------+-------++-------
Melee: Unarmed           |    61 |   153 |   263 |   348 ||   825
       Punch             |     1 |     1 |    19 |    21 ||    42
Throw: Javelin           |       |       |       |     6 ||     6
Invok: Heroism           |       |       |     2 |     4 ||     6
       Finesse           |       |       |       |     2 ||     2
  Use: Scroll            |     6 |     3 |     1 |     9 ||    19
 Stab: Sleeping          |       |     2 |     5 |     7 ||    14
  Eat: Chunk             |    15 |    19 |    32 |    37 ||   103
Armor: Robe              |    22 |    54 |    76 |    28 ||   180
       Troll leather arm |       |       |       |    30 ||    30
Dodge: Dodged            |    31 |    63 |   117 |   148 ||   359
